 Dungeon Crawl Stone Soup version 0.20-a0-833-gc632bec (webtiles) character file.

30 nikopol the Magician (level 3, -2/19 HPs)
             Began as a Deep Elf Fire Elementalist on Mar 7, 2017.
             Killed from afar by Sigmund (3 damage)
             ... with a magic dart
             ... on level 2 of the Dungeon.
             The game lasted 00:10:03 (1583 turns).

nikopol the Magician (Deep Elf Fire Elementalist)   Turns: 1583, Time: 00:10:04

Health: -2/19      AC:  2    Str:  7    XL:     3   Next: 5%
Magic:  2/10       EV: 13    Int: 20    God:
Gold:   17         SH:  0    Dex: 15    Spells: 7/10 levels left

rFire    . . .     SeeInvis .   k - -1 short sword (curse)
rCold    . . .     Gourm    .   a - +0 robe
rNeg     + . .     Faith    .   (no shield)
rPois    .         Spirit   .   (no helmet)
rElec    .         Reflect  .   (no cloak)
rCorr    .         Harm     .   (no gloves)
MR       .....                  (no boots)
Stlth    ++........             (no amulet)
Regen    0.1/turn               m - ring of positive energy
MPRegen  0.2/turn               i - +2 ring of strength

@: no status effects
A: no striking features
a: no special abilities


You were on level 2 of the Dungeon.
You were not hungry.

You visited 1 branch of the dungeon, and saw 2 of its levels.

You collected 17 gold pieces.

Inventory:

Hand Weapons
 k - a cursed -1 short sword (weapon)
Armour
 a - a +0 robe (worn)
Jewellery
 i - a +2 ring of strength (left hand)
 m - a ring of positive energy (right hand)
Scrolls
 d - 3 scrolls of teleportation {unknown}
 f - 3 scrolls of identify {unknown}
 l - a scroll of recharging {unknown}
 p - a scroll of blinking {unknown}
 s - a scroll of enchant armour {unknown}
 u - 2 scrolls of enchant weapon {unknown}
 x - a scroll of remove curse {unknown}
Potions
 e - a potion of curing {unknown}
 h - a potion of might {unknown}
 n - a potion of experience {unknown}
 o - 2 potions of ambrosia {unknown}
 q - a potion of haste {unknown}
 r - a potion of heal wounds {unknown}
 t - a potion of resistance {unknown}
 w - a potion of cancellation {unknown}
Books
 b - a book of Flames

   Spells                             Type                      Level
   a - Flame Tongue                   Conjuration/Fire             1
   b - Throw Flame                    Conjuration/Fire             2
   c - Conjure Flame                  Conjuration/Fire             3
   d - Inner Flame                    Hexes/Fire                   3
   e - Sticky Flame                   Conjuration/Fire             4
   f - Fireball                       Conjuration/Fire             5
Comestibles
 c - 3 bread rations
 g - 6 fruits
 j - 3 royal jellies
 v - a chunk of flesh


   Skills:
 - Level 2.4 Dodging
 - Level 2.4 Stealth
 + Level 4.0 Spellcasting
 + Level 2.2 Conjurations
 + Level 3.4 Fire Magic


You had 7 spell levels left.
You knew the following spells:

 Your Spells              Type           Power        Failure   Level  Hunger
a - Flame Tongue          Conj/Fire      ###..        4%          1    None
b - Throw Flame           Conj/Fire      ###...       10%         2    #......


Dungeon Overview and Level Annotations

Branches:
Dungeon (2/15)

Altars:

Annotations:
D:2 Sigmund


Message History

You are confused.
A puff of flame appears from out of thin air!
The puff of flame misses you.
You feel less confused.
You are confused.
A magic dart appears from out of thin air!
The magic dart hits you!
* * * LOW HITPOINT WARNING * * *
You're too confused to move!
Unknown command.
Unknown command.
Something tries to affect you, but you resist.
You feel less confused.
Something tries to affect you, but you resist.
Sigmund appears from thin air!
Reactivating autopickup.
Sigmund whispers, "You'll know eternity soon."
Sigmund gestures at you while chanting. The magic dart hits you!
You die...

###.##..........#######.......
#.##..........# #...........
#.............##..###.......
#.......>....##. #.......
#...............#####..##...
#................รท..........
#.......(....#####...#.)....
##............# ##..###..#.#.
#....#......@####....#...#.#.
#.#.###................###.#.
#.#.###................# #(##
#.#.#...#..............###.##
#.#.........####.......##....
#................@....###..##
##.........####.............#.
#...............#........##...
##.......##.######.......##..##


You could see Sigmund.

Vanquished Creatures
  An adder (D:2)
  A dart slug (D:2)
  A leopard gecko (D:1)
  2 giant cockroaches (D:1)
  2 goblins
  2 hobgoblins (D:2)
  3 bats (D:1)
  3 frilled lizards
  2 kobolds (D:1)
  4 rats
21 creatures vanquished.

Notes
Turn   | Place    | Note
-------+----------+-------------------------------------------
     0 | D:1      | nikopol the Deep Elf Fire Elementalist began the quest for the Orb.
     0 | D:1      | Reached XP level 1. HP: 10/10 MP: 6/6
   363 | D:1      | Reached XP level 2. HP: 15/15 MP: 6/8
   371 | D:1      | Learned a level 2 spell: Throw Flame
  1335 | D:2      | Reached skill level 4 in Spellcasting
  1387 | D:2      | Reached XP level 3. HP: 19/19 MP: 5/10
  1543 | D:2      | Noticed Sigmund
  1583 | D:2      | Killed from afar by Sigmund

Vault maps used:
D:1:      dpeg_arrival_arbitrary_a
D:2:      uniq_sigmund

Skill      XL: |  1  2 |
---------------+-------+-----
Conjurations   | 2 |  2.2
Spellcasting   | 4 |  4.0
Dodging        | |  2.4
Stealth        | |  2.4
Fire Magic     | |  3.4

Action                   || total
-------------------------++-------
Melee: Short sword       ||     1
 Cast: Flame Tongue      ||    21
       Throw Flame       ||    20
  Eat: Chunk             ||     2
Armor: Robe              ||     6
Dodge: Dodged            ||     9
